Map: Coda LE (Void)

Players

Bop - Winner!

  • Race: Protoss Protoss

Rei

  • Race: Zerg Zerg

VOD

Have the link to the VOD?

Description

Time

  • Played on: May 4, 2015, 3:24 a.m.
  • Length: 5:48
Show
View Real Time Build Order
Export as new Build Order

Bop Protoss - Winner!

Build Orders: Nexus First, Mass Adepts 

Get SALT Encoding   

  12  0:01  Probe  
  13  0:13  Probe  
  14  0:43  Nexus  
  14  0:51  Pylon  
  14  1:09  Probe (Chrono Boost), Gateway  
  16  1:19  Probe (Chrono Boost)  
  16  1:26  Probe (Chrono Boost)  
  16  1:27  Assimilator  
  17  1:38  Probe (Chrono Boost)  
  18  1:46  Probe (Chrono Boost)  
  19  1:51  Pylon  
  19  1:55  Probe  
  19  1:57  Cybernetics Core  
  19  2:01  Probe  
  21  2:08  Gateway  
  21  2:11  Probe (Chrono Boost)  
  21  2:15  Probe (Chrono Boost)  
  24  2:22  Probe (Chrono Boost)  
  24  2:25  Probe (Chrono Boost)  
  24  2:29  Probe (Chrono Boost)  
  26  2:32  Probe (Chrono Boost)  
  26  2:34  Warp Gate (Chrono Boost)  
  26  2:36  Adept  
  29  2:40  Probe (Chrono Boost)  
  31  2:44  Probe (Chrono Boost)  
  32  2:51  Probe (Chrono Boost)  
  32  2:53  Pylon  
  32  2:54  Probe (Chrono Boost)  
  32  2:56  Adept (Chrono Boost)  
  32  2:58  Probe (Chrono Boost)  
  36  3:03  Probe  
  37  3:10  Probe  
  40  3:14  Gateway  
  40  3:15  Adept (Chrono Boost)  
  40  3:16  Probe  
  41  3:22  Probe  
  42  3:28  Probe  
  43  3:35  Probe (Chrono Boost), Adept  
  43  3:40  Probe (Chrono Boost)  
  47  3:48  Probe (Chrono Boost), Assimilator x2  
  48  3:52  Gateway, Probe (Chrono Boost)  
  48  3:54  Gateway  
  50  3:56  Probe (Chrono Boost)  
  50  4:06  Gateway  
  50  4:08  Gateway x2  
  50  4:21  Pylon  
  50  4:25  Pylon  
  50  4:27  Pylon x2  
  50  4:34  Forge  
  50  4:43  Adept x3  
  56  4:59  Adept x5  
  66  5:11  Probe  
  66  5:12  Adept  
  66  5:13  Adept x2  
  67  5:24  Pylon  
  67  5:25  Pylon  
  67  5:27  Twilight Council  
  59  5:30  Adept x2  
  59  5:31  Adept x3  
Show
View Real Time Build Order
Export as new Build Order

Rei Zerg 

Build Orders: Hatch First 

Get SALT Encoding   

  12  0:02  Drone  
  13  0:15  Overlord  
  13  0:19  Drone  
  14  0:34  Drone x2  
  16  0:39  Drone  
  17  0:55  Hatchery  
  16  0:58  Drone  
  17  1:05  Drone  
  18  1:17  Spawning Pool  
  17  1:19  Extractor  
  17  1:20  Drone  
  17  1:25  Drone  
  18  1:33  Drone  
  19  1:43  Drone  
  20  1:55  Drone  
  21  2:05  Drone  
  21  2:07  Queen  
  21  2:08  Queen  
  26  2:09  Overlord  
  26  2:15  Drone  
  27  2:19  Metabolic Boost  
  27  2:23  Zergling x2  
  28  2:30  Overlord, Zergling x2  
  29  2:40  Drone x2  
  31  2:51  Drone  
  31  2:52  Drone  
  33  3:01  Evolution Chamber  
  33  3:02  Drone x2  
  33  3:03  Evolution Chamber  
  33  3:05  Extractor  
  32  3:20  Queen  
  32  3:21  Drone x2  
  32  3:22  Drone x3  
  38  3:31  Overlord  
  38  3:35  Zerg Ground Armor Level 1  
  38  3:39  Zergling x2  
  38  3:40  Zergling x2  
  37  3:50  Spore Crawler  
  36  4:03  Drone x8  
  44  4:11  Overlord  
  44  4:19  Lair  
  44  4:21  Zergling x2  
  44  4:29  Zergling x4  
  46  4:33  Spine Crawler  
  45  4:41  Drone x5  
  45  4:42  Drone  
  51  4:51  Roach Warren  
  51  4:52  Drone x2  
  52  4:58  Zergling x2  
  53  5:03  Zergling x6  
  53  5:05  Zergling x6  
  50  5:08  Zergling x2  
  50  5:13  Zergling x2  
  40  5:31  Zergling x2  
Tags
 
Add a new tag
Caveats
  • Supply blocks, unpowered buildings, or Contaminate may cause inaccurate times.
  • Supply counts are checked every 10 seconds.